 Dungeon Crawl Stone Soup version 0.29.1-15-g9cfb28693d (webtiles) character file.

Game seed: 12775149799002796010

2228 386 the Shield-Bearer (level 9, -2/52 (74) HPs)
             Began as a Gnoll Fighter on Mar 26, 2023.
             Slain by Joseph
             ... wielding a +0 quarterstaff of draining
              (12 damage)
             ... on level 7 of the Dungeon.
             The game lasted 00:20:20 (7472 turns).

386 the Shield-Bearer (Gnoll Fighter)               Turns: 7472, Time: 00:20:20

HP:   -2/52 (74)    AC: 19    Str: 19    XL:     9   Next: 36%
MP:   15/15         EV: 11    Int:  9    God:
Gold: 298           SH: 10    Dex: 11    Spells: 16/16 levels left

rFire   . . .      SeeInvis .   E - +2 mace (protect)
rCold   . . .      Faith    .   c - +0 buckler
rNeg    . . .      Spirit   .   b - +0 scale mail
rPois   .          Reflect  +   y - +2 hat
rElec   .          Harm     .   H - +0 cloak
rCorr   .          Rampage  .   x - +0 pair of gloves
Will    .....                   (no boots)
Stlth   +.........              n - amulet of reflection
HPRegen 0.17/turn               (no ring)
MPRegen 0.14/turn               (no ring)

@: under a protective aura, very heavily drained
A: fangs 1, strong nose, distributed training
a: no special abilities


You were on level 7 of the Dungeon.
You visited 2 branches of the dungeon, and saw 8 of its levels.

You collected 298 gold pieces.

Inventory:

Hand Weapons
 a - a +0 trident
 q - a +2 vorpal sling
 E - a +2 mace of protection (weapon)
Missiles
 t - 2 poisoned darts
 v - 2 atropa-tipped darts
 I - 2 throwing nets
Armour
 b - a +0 scale mail (worn)
 c - a +0 buckler (worn)
 x - a +0 pair of gloves (worn)
 y - a +2 hat (worn)
 H - a +0 cloak (worn)
Jewellery
 h - a +4 ring of protection
 n - an amulet of reflection (around neck)
 M - the ring of the Failed Coup {rC+++ MP-9 Str+5 SInv}
   (You found it on level 6 of the Dungeon)

   [ring of see invisible]

   Str:       It affects your strength (+5).
   rC:        It renders you almost immune to cold.
   MP:        It affects your magic capacity (-9).
   SInv:      It lets you see invisible.
Wands
 w - a wand of polymorph (23)
 F - a wand of flame (5)
 K - a wand of roots (9)
Scrolls
 e - a scroll of immolation {unknown}
 f - 4 scrolls of torment {unknown}
 g - 2 scrolls of enchant weapon {unknown}
 i - 3 scrolls of blinking (quivered) {unknown}
 j - 3 scrolls of teleportation {unknown}
 k - a scroll of noise {unknown}
 m - a scroll of acquirement {unknown}
 s - 3 scrolls of identify {unknown}
 A - a scroll of amnesia {unknown}
 B - 2 scrolls of fear {unknown}
 C - 2 scrolls of brand weapon {unknown}
 D - a scroll of vulnerability {unknown}
 G - a scroll of silence {unknown}
 J - a scroll of butterflies {unknown}
Potions
 d - 3 potions of might
 l - a potion of brilliance {unknown}
 o - a potion of ambrosia {unknown}
 p - 7 potions of curing {unknown}
 r - a potion of resistance {unknown}
 u - 3 potions of attraction {unknown}
 z - 5 potions of degeneration {unknown}
 L - a potion of cancellation {unknown}


   Skills:
 + Level 7.9 Fighting
 + Level 4.3 Short Blades
 + Level 4.3 Long Blades
 + Level 4.3 Axes
 + Level 4.3 Maces & Flails
 + Level 6.4 Polearms
 + Level 4.3 Staves
 + Level 4.3 Ranged Weapons
 + Level 4.3 Throwing
 + Level 7.9 Armour
 + Level 4.3 Dodging
 + Level 4.3 Stealth
 + Level 7.9 Shields
 + Level 4.3 Unarmed Combat
 + Level 4.3 Spellcasting
 + Level 3.5 Conjurations
 + Level 3.5 Hexes
 + Level 3.5 Summonings
 + Level 3.5 Necromancy
 + Level 3.5 Translocations
 + Level 3.5 Transmutations
 + Level 3.5 Fire Magic
 + Level 3.5 Ice Magic
 + Level 3.5 Air Magic
 + Level 3.5 Earth Magic
 + Level 3.5 Poison Magic
 + Level 4.8 Invocations
 + Level 4.3 Evocations


You had 16 spell levels left.
You didn't know any spells.
Your spell library contained the following spells:

 Spells                   Type           Power      Damage    Failure   Level
 Slow                     Hex            32%        N/A       19%         1
 Ensorcelled Hibernation  Hex/Ice        16%        N/A       28%         2
 Passwall                 Tmut/Erth      6%         N/A       28%         2
 Confusing Touch          Hex            8%         N/A       50%         3
 Conjure Flame            Conj/Fire      8%         6-21      50%         3
 Gell's Gravitas          Tloc           8%         N/A       50%         3
 Ignite Poison            Fire/Tmut/Pois 8%         N/A       50%         3
 Inner Flame              Hex/Fire       8%         N/A       50%         3
 Lesser Beckoning         Tloc           8%         N/A       50%         3
 Spider Form              Tmut/Pois      8%         N/A       50%         3
 Swiftness                Air            8%         N/A       50%         3
 Teleport Other           Tloc           8%         N/A       50%         3
 Vampiric Draining        Necr           8%         2d6       50%         3
 Anguish                  Hex/Necr       4%         N/A       88%         4
 Cause Fear               Hex            4%         N/A       88%         4
 Sticky Flame             Conj/Fire      8%         2d3       88%         4
 Alistair's Intoxication  Tmut/Pois      5%         N/A       99%         5
 Conjure Ball Lightning   Conj/Air       4%         3x3d6     100%        6
 Enfeeble                 Hex            4%         N/A       100%        7
 Discord                  Hex            4%         N/A       100%        8
 Disjunction              Tloc           4%         N/A       100%        8


Dungeon Overview and Level Annotations

Branches:
Dungeon (7/15)             Temple (1/1) D:4

Altars:
Ashenzari
Dithmenos
Hepliaklqana
Kikubaaqudgha
Makhleb
Nemelex Xobeh
Okawaru
Ru
Sif Muna
Trog
Uskayaw
Wu Jian
Yredelemnul
Zin
The Shining One

Annotations:
D:7 Joseph


Innate Abilities, Weirdness & Mutations

You have very sharp teeth.
Your uncanny sense of smell can sniff out nearby items.
Your experience applies equally to all skills.


Message History

You feel drained.
You sock Joseph! Your bite misses Joseph.
Joseph is heavily wounded.
Joseph closely misses you.
You thump Joseph!
Joseph is heavily wounded.
Joseph hits you but does no damage.
You feel drained.
You barely miss Joseph. You bite Joseph, but do no damage.
Joseph is heavily wounded.
Joseph hits you with a +0 quarterstaff of draining.
* * * LOW HITPOINT WARNING * * *
You feel drained.
* * * LOW HITPOINT WARNING * * *
You sock Joseph!
Joseph is severely wounded.
Joseph completely misses you.
Joseph hits you with a +0 quarterstaff of draining.
* * * LOW HITPOINT WARNING * * *
You feel drained.
* * * LOW HITPOINT WARNING * * *
You barely miss Joseph. You bite Joseph, but do no damage.
Joseph is severely wounded.
You block Joseph's attack.
You hit Joseph but do no damage.
Joseph is severely wounded.
Joseph hits you but does no damage.
You feel drained.
You hit Joseph.
Joseph is severely wounded.
You block Joseph's attack.
You hit Joseph.
Joseph is severely wounded.
Joseph hits you but does no damage.
You feel drained. Joseph hits you but does no damage.
You feel drained.
You closely miss Joseph.
Joseph is severely wounded.
You block Joseph's attack.
You barely miss Joseph.
Joseph is severely wounded.
Joseph hits you with a +0 quarterstaff of draining!
You die...

#.# #.# #.# ##.##
##...#######
#...........
##.......###
#..#.#####..#.#.#
........@@....# #
.....#####..###!#
... ##......# #
#...##### #..s..#
#.?.....#
#.....[...#
+.........+
#...@.....#


You could see Joseph.

Vanquished Creatures
  Grinder (D:3)
  Duvessa (D:6)
  An ice beast (D:6)
  An ogre (D:6)
  A centaur (D:5)
  3 phantoms
  A wyvern zombie (D:6)
  4 scorpions
  A bullfrog (D:6)
  2 necrophages (D:4)
  4 wights
  Dowan (D:6)
  A howler monkey (D:6)
  A centaur zombie (D:6)
  2 bullfrog zombies (D:6)
  5 hounds
  An orc priest (D:4)
  6 iguanas
  2 killer bee zombies (D:6)
  4 gnolls (D:5)
  7 adders
  A shadow imp (D:4)
  A white imp (D:7)
  2 worms
  4 dart slugs
  11 orcs
  11 ball pythons
  8 endoplasms
  A giant cockroach (D:3)
  9 goblins
  8 hobgoblins
  6 jackals
  2 quokkas
  4 bats
  3 frilled lizards (D:2)
  3 kobolds
  7 rats
131 creatures vanquished.

Notes
Turn   | Place    | Note
-------+----------+-------------------------------------------
     0 | D:1      | 386 the Gnoll Fighter began the quest for the Orb.
     0 | D:1      | Reached XP level 1. HP: 23/23 MP: 1/1
    58 | D:1      | Reached XP level 2. HP: 29/29 MP: 2/2
  1130 | D:2      | Reached XP level 3. HP: 35/35 MP: 3/3
  1344 | D:2      | Reached skill level 1 in Invocations
  1408 | D:2      | Reached skill level 1 in Short Blades
  1408 | D:2      | Reached skill level 1 in Long Blades
  1408 | D:2      | Reached skill level 1 in Axes
  1408 | D:2      | Reached skill level 1 in Maces & Flails
  1408 | D:2      | Reached skill level 1 in Staves
  1408 | D:2      | Reached skill level 1 in Ranged Weapons
  1408 | D:2      | Reached skill level 1 in Throwing
  1408 | D:2      | Reached skill level 1 in Dodging
  1408 | D:2      | Reached skill level 1 in Stealth
  1408 | D:2      | Reached skill level 1 in Unarmed Combat
  1408 | D:2      | Reached skill level 1 in Spellcasting
  1408 | D:2      | Reached skill level 1 in Evocations
  1415 | D:2      | Reached skill level 1 in Conjurations
  1415 | D:2      | Reached skill level 1 in Hexes
  1415 | D:2      | Reached skill level 1 in Summonings
  1415 | D:2      | Reached skill level 1 in Necromancy
  1415 | D:2      | Reached skill level 1 in Translocations
  1415 | D:2      | Reached skill level 1 in Transmutations
  1415 | D:2      | Reached skill level 1 in Fire Magic
  1415 | D:2      | Reached skill level 1 in Ice Magic
  1415 | D:2      | Reached skill level 1 in Air Magic
  1415 | D:2      | Reached skill level 1 in Earth Magic
  1415 | D:2      | Reached skill level 1 in Poison Magic
  1415 | D:2      | Reached XP level 4. HP: 27/41 MP: 5/5
  1690 | D:2      | Found a faded altar of an unknown god.
  2060 | D:3      | Noticed Grinder
  2080 | D:3      | Paralysed by Grinder for 4 turns
  2085 | D:3      | Killed Grinder
  2086 | D:3      | Reached skill level 5 in Polearms
  2086 | D:3      | Reached XP level 5. HP: 6/47 MP: 5/8
  2086 | D:3      | Reached XP level 6. HP: 7/53 MP: 5/9
  3407 | D:4      | Reached XP level 7. HP: 57/60 MP: 10/10
  3747 | D:4      | Found a staircase to the Ecumenical Temple.
  3752 | Temple   | Entered the Ecumenical Temple
  4078 | D:4      | Identified the +3 ring mail of Recklessness {Will- Int+4}
  4335 | D:5      | Entered Level 5 of the Dungeon
  4750 | D:5      | Got the Collected Works on Septic Spellbinding
  4864 | D:5      | Reached XP level 8. HP: 66/67 MP: 12/12
  5992 | D:6      | Noticed Duvessa
  5992 | D:6      | Noticed Dowan
  6017 | D:6      | Killed Dowan
  6068 | D:6      | Killed Duvessa
  6069 | D:6      | Reached XP level 9. HP: 7/73 MP: 13/15
  6074 | D:6      | HP: 3/73 [hound (5)]
  6512 | D:6      | Identified the ring of the Failed Coup {rC+++ MP-9 Str+5
                  | SInv}
  6608 | D:6      | Found an iron altar of Okawaru.
  6874 | D:6      | Found a basalt altar of Yredelemnul.
  7437 | D:7      | Noticed Joseph
  7472 | D:7      | Slain by Joseph

Illustrated notes

Levels and vault maps discovered:
D:1:      sevenhm_arrival_forest_fort_large_4, layout_basic,
          corexii_leaking_fountain, minmay_shallow_snake_nest
D:2:      kennysheep_six_static_rooms, layout_rooms, serial_corexii_hall,
          corexii_hall_statues_x, corexii_hall_statues_s,
          shapermc_ecumenical_altar_acropolis
D:3:      layout_loops_corners, uniq_grinder
D:4:      layout_loops_cross, temple_doors_e, minmay_misc_feat_roman
D:5:      layout_loops_cross
D:6:      minmay_inner_zag, layout_basic, nicolae_yredelemnul_corpse_copse,
          okawaru_metal_pillars_1_2, uniq_duvessa
D:7:      layout_loops_corners, uniq_joseph, uniq_crazy_yiuf_cottage
Temple:   compressed_dpeg_triangle_lava_temple

Skill      XL: |  1  2  3  4  5  6  7  8 |
---------------+-------------------------+-----
Invocations    | 1 2 3 4 |  4.8
Short Blades   | 1 2 3 4 |  4.3
Long Blades    | 1 2 3 4 |  4.3
Axes           | 1 2 3 4 |  4.3
Maces & Flails | 1 2 3 4 |  4.3
Staves         | 1 2 3 4 |  4.3
Ranged Weapons | 1 2 3 4 |  4.3
Throwing       | 1 2 3 4 |  4.3
Dodging        | 1 2 3 4 |  4.3
Stealth        | 1 2 3 4 |  4.3
Unarmed Combat | 1 2 3 4 |  4.3
Spellcasting   | 1 2 3 4 |  4.3
Evocations     | 1 2 3 4 |  4.3
Conjurations   | 1 2 3 |  3.5
Hexes          | 1 2 3 |  3.5
Summonings     | 1 2 3 |  3.5
Necromancy     | 1 2 3 |  3.5
Translocations | 1 2 3 |  3.5
Transmutations | 1 2 3 |  3.5
Fire Magic     | 1 2 3 |  3.5
Ice Magic      | 1 2 3 |  3.5
Air Magic      | 1 2 3 |  3.5
Earth Magic    | 1 2 3 |  3.5
Poison Magic   | 1 2 3 |  3.5
Polearms       | 5 6 |  6.4
Fighting       | 7 |  7.9
Armour         | 7 |  7.9
Shields        | 7 |  7.9

Action                   |  1- 3 |  4- 6 |  7- 9 || total
-------------------------+-------+-------+-------++-------
Melee: Trident           |    87 |    24 |     8 ||   119
       Bite              |     8 |     3 |    40 ||    51
       Mace              |       |       |   307 ||   307
 Fire: Sling             |    11 |    86 |   135 ||   232
  Use: Potion            |       |     1 |     3 ||     4
Armor: Scale mail        |    30 |    13 |   180 ||   223
Dodge: Dodged            |    32 |    21 |   153 ||   206
Block: Buckler           |    14 |     8 |   239 ||   261
       Reflection        |       |       |     3 ||     3
